 Dungeon Crawl Stone Soup version 0.22-a0-271-gc000056 (webtiles) character file.

63098 wvc the Thaumaturge (level 15, -17/120 HPs)
             Began as a Gnoll Wanderer on Mar 12, 2018.
             Was the Champion of Cheibriados.
             Demolished by a dire elephant (23 damage)
             ... on level 6 of the Lair of Beasts.
             The game lasted 00:52:53 (19773 turns).

wvc the Thaumaturge (Gnoll Wanderer)               Turns: 19773, Time: 00:52:54

Health: -17/120    AC: 15    Str: 33    XL:     15   Next: 8%
Magic:  0/38       EV: 25    Int: 40    God:    Cheibriados [******]
Gold:   744        SH: 10    Dex: 38    Spells: 19/35 levels left

rFire    . . .     SeeInvis .   J - +7 trident of the Median {freeze, Int+3}
rCold    . . .     Gourm    .   O - +0 buckler
rNeg     + . .     Faith    .   K - +0 ring mail
rPois    +         Spirit   +   G - +2 hat of the Earth {rC- rN+ MP+9 Dex+4}
rElec    +         Reflect  .   T - +0 cloak
rCorr    .         Harm     .   E - +2 pair of gloves
MR       ++...                  (no boots)
Stlth    +++++.....             m - amulet of guardian spirit
HPRegen  0.30/turn              z - ring "Buackum" {rElec rPois MR+ EV+2 Int+2}
MPRegen  0.26/turn              v - +5 ring of dexterity

@: very slow
A: distributed training, fangs 1, rugged brown scales 1, cold resistance 1,
poison resistance, strong 1, MP-powered wands, strong nose
a: Bend Time, Temporal Distortion, Slouch, Step From Time, Renounce Religion


You were on level 6 of the Lair of Beasts.
You worshipped Cheibriados.
Cheibriados was exalted by your worship.
You were not hungry.

You visited 3 branches of the dungeon, and saw 18 of its levels.
You also visited: Labyrinth and Volcano.

You collected 1278 gold pieces.
You spent 534 gold pieces at shops.

Inventory:

Hand Weapons
 k - a +0 dagger of electrocution
 o - a +0 blowgun
 H - a +2 demon whip of flaming
 I - a +0 executioner's axe of flaming
 J - the +7 trident of the Median (weapon) {freeze, Int+3}
   (You took it off a centaur on level 10 of the Dungeon)

   It has been specially enchanted to freeze those struck by it, causing extra
   injury to most foes and up to half again as much damage against particularly
   susceptible opponents.
   It can also slow down cold-blooded creatures.
   It affects your intelligence (+3).
Missiles
 q - 4 needles of sleeping
 x - 80 poisoned needles
 D - 9 javelins
 Q - 10 poisoned tomahawks (quivered)
Armour
 E - a +2 pair of gloves (worn)
 G - the +2 hat of the Earth (worn) {rC- rN+ MP+9 Dex+4}
   (You bought it in a shop on level 9 of the Dungeon)

   It affects your dexterity (+4).
   It makes you vulnerable to cold.
   It protects you from negative energy.
   It affects your magic capacity (+9).
 K - a +0 ring mail (worn)
 O - a +0 buckler (worn)
 T - a +0 cloak (worn)
Jewellery
 j - an uncursed ring of protection from fire
 m - an amulet of guardian spirit (around neck)
 v - a +5 ring of dexterity (right hand)
 z - the ring "Buackum" (left hand) {rElec rPois MR+ EV+2 Int+2}
   (You found it on level 5 of the Dungeon)

   [ring of evasion]

   It affects your evasion (+2).
   It affects your intelligence (+2).
   It insulates you from electricity.
   It protects you from poison.
   It affects your resistance to hostile enchantments.
 L - an uncursed ring of resist corrosion
 S - a +1 ring of protection
 V - an uncursed ring of ice
Wands
 c - a wand of scattershot (10)
 i - a wand of polymorph (10)
 n - a wand of flame (35)
 w - a wand of enslavement (22)
 y - a wand of digging (15)
 F - a wand of disintegration (13)
 P - a wand of iceblast (16)
Scrolls
 b - 2 scrolls of immolation
 d - 2 scrolls of teleportation
 s - 7 scrolls of remove curse
 u - 3 scrolls of fog
 A - a scroll of enchant armour
 M - a scroll of identify
 N - a scroll of amnesia
 R - 3 scrolls of magic mapping
Potions
 a - 6 potions of flight
 e - a potion of ambrosia
 g - 5 potions of cancellation
 h - 4 potions of haste
 l - 4 potions of brilliance
 p - a potion of magic
 r - 7 potions of curing
 t - 3 potions of lignification
 C - 2 potions of resistance
Miscellaneous
 B - a fan of gales
Comestibles
 f - 27 rations


   Skills:
 + Level 10.6 Fighting
 + Level 9.6 Short Blades
 + Level 9.6 Long Blades
 + Level 9.6 Axes
 + Level 9.6 Maces & Flails
 + Level 9.6 Polearms
 + Level 9.6 Staves
 + Level 9.6 Slings
 + Level 9.6 Bows
 + Level 9.6 Crossbows
 + Level 10.0 Throwing
 + Level 10.0 Armour
 + Level 9.6 Dodging
 + Level 9.6 Stealth
 + Level 10.0 Shields
 + Level 9.6 Unarmed Combat
 + Level 10.7 Spellcasting
 + Level 8.0 Conjurations
 + Level 8.0 Hexes
 + Level 8.0 Charms
 + Level 8.0 Summonings
 + Level 8.0 Necromancy
 + Level 9.7 Translocations
 + Level 8.0 Transmutations
 + Level 8.0 Fire Magic
 + Level 8.0 Ice Magic
 + Level 8.0 Air Magic
 + Level 8.0 Earth Magic
 + Level 8.0 Poison Magic
 + Level 10.4 Invocations
 + Level 9.6 Evocations


You had 19 spell levels left.
You knew the following spells:

 Your Spells              Type           Power        Failure   Level  Hunger
a - Blink                 Tloc           N/A          1%          2    None
b - Yara's Violent Unrav  Hex/Tmut       ######....   1%          5    None
c - Mephitic Cloud        Conj/Pois/Air  ######..     1%          3    None
d - Apportation           Tloc           ######       1%          1    None
e - Aura of Abjuration    Summ           ######....   1%          5    None


Dungeon Overview and Level Annotations

Branches:
Dungeon (11/15)            Temple (1/1) D:5            Lair (6/6) D:10
 Shoals (0/4) Lair:3       Spider (0/4) Lair:3        Slime (0/5) Lair:5
    Orc (0/2) D:11

Altars:
Ashenzari
Cheibriados
Dithmenos
Elyvilon
Fedhas
Gozag
Hepliaklqana
Kikubaaqudgha
Makhleb
Nemelex Xobeh
Okawaru
Qazlal
Ru
Sif Muna
Trog
Uskayaw
Vehumet
Wu Jian
Xom
Yredelemnul
Zin
The Shining One

Shops:
D:7 %   D:9 *(*[[

Annotations:
D:2 Robin
D:8 exclusion: oklob plant


Innate Abilities, Weirdness & Mutations

Your experience applies equally to all skills.
You have very sharp teeth.
Your uncanny sense of smell can sniff out nearby items.
You are partially covered in rugged brown scales. (AC +1, +3% HP)
Your flesh is cold resistant. (rC+)
Your system is resistant to poisons. (rPois)
Your muscles are strong. (Str +2)
You expend magic power (3 MP) to strengthen your wands.


Message History

The dire elephant is severely wounded.
The dire elephant is engulfed in noxious fumes.
The dire elephant barely misses you. You block the dire elephant's attack.
The dire elephant is engulfed in noxious fumes.
You block the dire elephant's attack.
The dire elephant trunk-slaps you but does no damage.
You hit the dire elephant but do no damage.
The dire elephant is severely wounded.
You puncture the dire elephant! You freeze the dire elephant.
The dire elephant is almost dead.
The dire elephant barely misses you.
The dire elephant trunk-slaps you but does no damage.
Casting: Blink (safe; 1% risk of failure)
Confirm with . or Enter, or press ? or * to list all spells.
Okay, then.
Okay, then.
You hit the dire elephant. You freeze the dire elephant.
The dire elephant is almost dead.
The dire elephant tramples you!!
You die...

##..P.....♣#.#......#
###P.......#.#......#
###........#.##....##
#..#.†.....#.#######
...........#.8###}|##
...........'..8#[()?#
...........'.⌠.#....#
...........'..8#.§..#
...........#.8##@Y†.#
..##.......#.####''##
###........#.##.≈≈≈##
#.##.......#.#.≈≈≈≈≈#
..#.#......#.#≈≈≈≈≈≈#
..##.......#.##≈≈≈..#
..#........#..#≈.†.##
.#.#.......##.####'##
.##........♣#...#8.8#


You could see a dire elephant.

Vanquished Creatures
  A minotaur (Lab)
  2 dire elephants (Lair:6)
  Josephine (Lair:4)
  4 hydras
  An anaconda (Lair:6)
  2 two-headed ogres
  7 death yaks
  Urug (D:11)
  2 skeletal warriors (Volcano)
  Pikel (D:7)
  A necromancer (Lair:5)
  7 oklob plants
  27 elephants
  4 black mambas
  A centaur zombie (D:10)
  3 torpor snails
  4 gargoyles
  10 spiny frogs
  2 centaur skeletons (D:10)
  2 rime drakes
  A kobold demonologist (D:11)
  7 komodo dragons
  2 jumping spiders (Lair:3)
  A troll (D:11)
  2 polar bears (Lair:6)
  A hornet (D:10)
  A harpy skeleton (Volcano)
  3 slime creatures (Lair:5)
  7 blink frogs (Lair:6)
  7 hippogriffs
  3 flying skulls (Volcano)
  2 alligator skeletons (Volcano)
  A vampire (D:11)
  2 redbacks (Lair:3)
  A shadow (D:11)
  48 yaks
  6 wraiths
  2 wyverns
  3 basilisks
  2 hungry ghosts
  10 water moccasins
  13 porcupines
  3 sky beasts
  2 black bears (D:10)
  An eye of draining (D:10)
  3 ice beasts
  6 orc warriors
  17 wolves
  2 phantoms (D:5)
  7 ogres
  11 centaurs
  18 crocodiles
  5 big kobolds
  Blork the orc (D:6)
  20 bullfrogs
  5 scorpions
  5 killer bees (D:8)
  2 electric eels (Lair:3)
  A spriggan skeleton (Volcano)
  4 wights (D:11)
  6 howler monkeys
  2 crimson imps
  The ghost of matakusis the Caller, a weakling DESu (D:3)
  A quasit (D:10)
  5 hounds
  2 bullfrog skeletons
  3 jellies
  6 orc wizards
  6 orc priests
  3 gnoll shamans (D:6)
  Jessica (D:2)
  An iguana (D:6)
  9 worker ants
  A yak simulacrum (Lair:5)
  4 wolf simulacra (Lair:5)
  2 killer bee zombies
  A naga skeleton (Volcano)
  A hound zombie (D:9)
  34 gnolls (D:6)
  10 river rats (D:6)
  9 adders
  A shadow imp (D:11)
  An ooze (D:5)
  An adder skeleton (D:8)
  4 worms
  2 dart slugs
  6 leopard geckos
  44 orcs
  4 giant cockroaches
  20 goblins
  9 hobgoblins
  14 jackals (D:6)
  2 quokkas
  9 bats
  4 frilled lizards
  18 kobolds
  A leopard gecko skeleton (D:7)
  23 rats
  6 river rat simulacra (Lair:5)
  4 fungi
  10 plants
612 creatures vanquished.

Vanquished Creatures (others)
  4 slaves (D:7)
  A crimson imp (D:7)
  An orc wizard (D:7)
  An orc (D:7)
  46 fungi
  25 plants
  20 toadstools (D:8)
98 creatures vanquished.

Grand Total: 710 creatures vanquished

Notes
Turn   | Place    | Note
-------+----------+-------------------------------------------
     0 | D:1      | wvc the Gnoll Wanderer began the quest for the Orb.
     0 | D:1      | wvc set off with: a +0 ring mail, a +0 club, a ration
     0 | D:1      | Reached XP level 1. HP: 20/20 MP: 6/6
   133 | D:1      | Reached XP level 2. HP: 21/26 MP: 7/7
   799 | D:1      | Reached XP level 3. HP: 30/31 MP: 9/9
   986 | D:2      | Reached skill level 5 in Spellcasting
  1055 | D:2      | Noticed Jessica
  1061 | D:2      | Noticed Robin
  1470 | D:1      | Reached skill level 1 in Invocations
  1544 | D:1      | Reached skill level 1 in Short Blades
  1544 | D:1      | Reached skill level 1 in Long Blades
  1544 | D:1      | Reached skill level 1 in Axes
  1544 | D:1      | Reached skill level 1 in Maces & Flails
  1544 | D:1      | Reached skill level 1 in Polearms
  1544 | D:1      | Reached skill level 1 in Staves
  1544 | D:1      | Reached skill level 1 in Slings
  1544 | D:1      | Reached skill level 1 in Bows
  1544 | D:1      | Reached skill level 1 in Crossbows
  1544 | D:1      | Reached skill level 1 in Dodging
  1544 | D:1      | Reached skill level 1 in Stealth
  1544 | D:1      | Reached skill level 1 in Unarmed Combat
  1544 | D:1      | Reached skill level 1 in Evocations
  1643 | D:2      | Killed Jessica
  1643 | D:2      | Reached XP level 4. HP: 22/38 MP: 11/11
  1657 | D:2      | Reached skill level 1 in Conjurations
  1657 | D:2      | Reached skill level 1 in Hexes
  1657 | D:2      | Reached skill level 1 in Charms
  1657 | D:2      | Reached skill level 1 in Summonings
  1657 | D:2      | Reached skill level 1 in Necromancy
  1657 | D:2      | Reached skill level 1 in Transmutations
  1657 | D:2      | Reached skill level 1 in Fire Magic
  1657 | D:2      | Reached skill level 1 in Ice Magic
  1657 | D:2      | Reached skill level 1 in Air Magic
  1657 | D:2      | Reached skill level 1 in Earth Magic
  1657 | D:2      | Reached skill level 1 in Poison Magic
  2055 | D:2      | Reached XP level 5. HP: 41/43 MP: 12/12
  2359 | D:3      | Found an iron altar of Okawaru.
  2734 | D:3      | Noticed matakusis's ghost (weakling DESu)
  3265 | D:3      | Found a glowing silver altar of Zin.
  3280 | D:3      | Gained mutation: You are agile. (Dex +2) [potion of mutation]
  3280 | D:3      | Gained mutation: Your magical capacity is low. (-10% MP) [potion of mutation]
  3280 | D:3      | Gained mutation: You are robust. (+10% HP) [potion of mutation]
  3280 | D:3      | Gained mutation: You have supernaturally acute eyesight. (SInv) [potion of mutation]
  3281 | D:3      | Lost mutation: You are agile. (Dex +2) [potion of mutation]
  3281 | D:3      | Lost mutation: You are robust. (+10% HP) [potion of mutation]
  3281 | D:3      | Lost mutation: You have supernaturally acute eyesight. (SInv) [potion of mutation]
  3281 | D:3      | Gained mutation: Your natural rate of healing is unusually fast. [potion of mutation]
  3281 | D:3      | Gained mutation: Your magical capacity is very low. (-20% MP) [potion of mutation]
  3281 | D:3      | Gained mutation: Your flesh is cold resistant. (rC+) [potion of mutation]
  3403 | D:3      | Killed matakusis's ghost
  3403 | D:3      | Reached XP level 6. HP: 19/50 MP: 11/11
  3652 | D:4      | Learned a level 2 spell: Blink
  3706 | D:4      | Reached skill level 5 in Fighting
  3740 | D:4      | Found a deep blue altar of Sif Muna.
  3787 | D:4      | Reached XP level 7. HP: 42/56 MP: 12/12
  4489 | D:5      | Entered Level 5 of the Dungeon
  4643 | D:5      | Found a staircase to the Ecumenical Temple.
  4675 | Temple   | Entered the Ecumenical Temple
  4810 | Temple   | Became a worshipper of Cheibriados the Contemplative
  4852 | D:5      | Got a scorched wooden ring
  4859 | D:5      | Identified the ring "Buackum" {rElec rPois MR+ EV+2 Int+2} (You found it on level 5 of the Dungeon)
  5003 | D:5      | Noticed a hippogriff
  5022 | D:5      | Killed a hippogriff
  5022 | D:5      | Reached XP level 8. HP: 57/63 MP: 13/13
  5520 | D:6      | Noticed Blork the orc
  5540 | D:6      | Killed Blork the orc
  5755 | D:6      | Reached * piety under Cheibriados
  5801 | D:6      | Reached XP level 9. HP: 62/69 MP: 14/14
  5927 | D:6      | Reached ** piety under Cheibriados
  6543 | D:6      | Reached *** piety under Cheibriados
  6765 | D:6      | Reached skill level 5 in Throwing
  6765 | D:6      | Reached skill level 5 in Armour
  6765 | D:6      | Reached skill level 5 in Shields
  6813 | D:7      | Reached **** piety under Cheibriados
  6901 | D:7      | Noticed Pikel
  6912 | D:7      | Killed Pikel
  6912 | D:7      | Reached skill level 5 in Invocations
  6912 | D:7      | Reached XP level 10. HP: 28/77 MP: 16/16
  7217 | D:7      | Found Titzovidgh's Food Emporium.
  7245 | D:7      | Found a radiant altar of Vehumet.
  7299 | D:7      | Lost mutation: Your magical capacity is very low. (-20% MP) [potion of mutation]
  7299 | D:7      | Lost mutation: Your magical capacity is low. (-10% MP) [potion of mutation]
  7299 | D:7      | Lost mutation: Your natural rate of healing is unusually fast. [potion of mutation]
  7299 | D:7      | Gained mutation: You expend magic power (3 MP) to strengthen your wands. [potion of mutation]
  7299 | D:7      | Gained mutation: Your muscles are strong. (Str +2) [potion of mutation]
  7299 | D:7      | Gained mutation: You are partially covered in rugged brown scales. (AC +1, +3% HP) [potion of mutation]
  7299 | D:7      | Gained mutation: Your system is resistant to poisons. (rPois) [potion of mutation]
  7370 | D:8      | Reached ***** piety under Cheibriados
  7438 | D:8      | Reached skill level 5 in Short Blades
  7438 | D:8      | Reached skill level 5 in Long Blades
  7438 | D:8      | Reached skill level 5 in Axes
  7438 | D:8      | Reached skill level 5 in Maces & Flails
  7438 | D:8      | Reached skill level 5 in Polearms
  7438 | D:8      | Reached skill level 5 in Staves
  7438 | D:8      | Reached skill level 5 in Slings
  7438 | D:8      | Reached skill level 5 in Bows
  7438 | D:8      | Reached skill level 5 in Crossbows
  7438 | D:8      | Reached skill level 5 in Dodging
  7438 | D:8      | Reached skill level 5 in Stealth
  7438 | D:8      | Reached skill level 5 in Unarmed Combat
  7438 | D:8      | Reached skill level 5 in Evocations
  7565 | D:8      | Noticed a two-headed ogre
  7581 | D:8      | Killed a two-headed ogre
  7814 | D:8      | Found a hide-covered altar of Uskayaw.
  8321 | D:8      | Found a blossoming altar of Fedhas.
  8340 | D:8      | Noticed an oklob plant
  8491 | D:9      | Found Usanut's Assorted Antiques.
  8496 | D:9      | Bought a scroll of identify for 54 gold pieces
  8496 | D:9      | Bought a scroll of identify for 54 gold pieces
  8496 | D:9      | Bought a scroll labeled ONIBAENAH for 27 gold pieces
  8496 | D:9      | Bought a coppery potion for 24 gold pieces
  8570 | D:9      | Found Jiuc's Weapon Shoppe.
  8588 | D:9      | Found Zes Vod's Antique Armour Emporium.
  8616 | D:9      | Found Iloshane's Antique Armour Shoppe.
  8671 | D:9      | Found Vyxasunk's Assorted Antiques.
  8677 | D:9      | Bought a potion of curing for 69 gold pieces
  8986 | D:10     | Entered Level 10 of the Dungeon
  9020 | D:10     | Reached XP level 11. HP: 86/86 MP: 22/22
  9370 | D:10     | Got a jewelled trident {freeze}
  9376 | D:10     | Identified the +7 trident of the Median {freeze, Int+3} (You took it off a centaur on level 10 of the Dungeon)
  9396 | D:10     | Found a staircase to the Lair.
  9400 | D:10     | Reached skill level 5 in Conjurations
  9400 | D:10     | Reached skill level 5 in Hexes
  9400 | D:10     | Reached skill level 5 in Charms
  9400 | D:10     | Reached skill level 5 in Summonings
  9400 | D:10     | Reached skill level 5 in Necromancy
  9400 | D:10     | Reached skill level 5 in Transmutations
  9400 | D:10     | Reached skill level 5 in Fire Magic
  9400 | D:10     | Reached skill level 5 in Ice Magic
  9400 | D:10     | Reached skill level 5 in Air Magic
  9400 | D:10     | Reached skill level 5 in Earth Magic
  9400 | D:10     | Reached skill level 5 in Poison Magic
 10097 | D:11     | Reached ****** piety under Cheibriados
 10305 | D:11     | Found a staircase to the Orcish Mines.
 10393 | D:11     | Noticed a two-headed ogre
 10401 | D:11     | Killed a two-headed ogre
 10605 | D:11     | Noticed Urug
 10622 | D:11     | Killed Urug
 10719 | D:11     | Reached XP level 12. HP: 77/95 MP: 22/24
 11089 | D:9      | Bought a shimmering hat for 306 gold pieces
 11099 | D:9      | Identified the +2 hat of the Earth {rC- rN+ MP+9 Dex+4} (You bought it in a shop on level 9 of the Dungeon)
 11137 | Lair:1   | Entered Level 1 of the Lair of Beasts
 11248 | Lair:1   | Learned a level 5 spell: Yara's Violent Unravelling
 13334 | Lair:3   | Found a staircase to the Shoals.
 13450 | Lair:3   | Reached XP level 13. HP: 89/104 MP: 26/26
 13850 | Lair:3   | Found a hole to the Spider Nest.
 14904 | Lair:3   | Learned a level 3 spell: Mephitic Cloud
 14978 | Lair:4   | Noticed Josephine
 15050 | Lair:4   | Found a dark tunnel.
 15077 | Volcano  | Entered a volcano
 16013 | Lair:4   | Killed Josephine
 16323 | Lair:4   | Found a white marble altar of Elyvilon.
 16411 | Lair:4   | Reached skill level 10 in Spellcasting
 16537 | Lair:4   | Reached XP level 14. HP: 111/112 MP: 28/28
 16978 | Lair:5   | Learned a level 1 spell: Apportation
 17032 | Lair:5   | Found a staircase to the Slime Pits.
 17151 | Lair:5   | Reached skill level 10 in Fighting
 17685 | Lair:6   | Entered Level 6 of the Lair of Beasts
 17763 | Lair:6   | Found a labyrinth entrance.
 17771 | Lab      | Entered a labyrinth
 18093 | Lab      | Identified the Disquisition on Good Luck
 18106 | Lab      | Identified the Handbook of Freezing Summoning
 18114 | Lab      | Learned a level 5 spell: Aura of Abjuration
 18333 | Lair:6   | Found a burning altar of Makhleb.
 18514 | Lair:6   | Reached skill level 10 in Invocations
 19614 | Lair:6   | Reached XP level 15. HP: 116/120 MP: 29/29
 19755 | Lair:6   | Reached skill level 10 in Throwing
 19755 | Lair:6   | Reached skill level 10 in Armour
 19755 | Lair:6   | Reached skill level 10 in Shields
 19767 | Lair:6   | HP: 4/120 [dire elephant (24)]
 19773 | Lair:6   | Demolished by a dire elephant

Vault maps used:
D:1:      scummos_arrival_forest
D:2:      uniq_robin, uniq_jessica, uniq_crazy_yiuf_cottage
D:3:      lemuel_coloured_pillars_altar, okawaru_ov_weapons_minmay
D:4:      lemuel_blue_sif_altar
D:5:      temple_hall, first_ration, fountainhead
D:6:      lemuel_castle_with_subvaults, dk_rats_in_the_wall, uniq_blork_the_orc
D:7:      lemuel_doored_altar, serial_shops, shop, uniq_pikel
D:8:      tgw_fedhas, overflow_temple_1_default
D:9:      serial_shops, shop_fountains, shop, shop, kennysheep_mini, shop
D:10:     due_lair_maze_entry_diamond
D:11:     orc_0_dummy, uniq_urug
Temple:   eino_temple_rhombus
Lair:1:   beast_lair_carwin_5, lemuel_fruit_fields, grunt_megastairs_2
Lair:2:   minmay_lair_oklob_chamber, infiniplex_staircase_pool_2
Lair:3:   minmay_lair_oklob_tunnel, minmay_shoals_entry_centaurs,
          spider_nest_entry_funnel_web, grunt_megastairs_3, lemuel_fruit_fields,
          serial_bayou_shore_a
Lair:4:   enter_volcano_2, basic_altar, serial_bayou_pond_d, grunt_megastairs_5,
          lemuel_fruit_tree, lemuel_fruit_fields, uniq_josephine
Lair:5:   minmay_slime_entry_pillars, eino_house_with_fridge
Lair:6:   due_jungle_book, lab_entry_generic, basic_altar,
          infiniplex_staircase_pool, grunt_megastairs_4
Lab:      nicolae_lab_dead_adventurers, labyrinth_glass_1
Volcano:  volcano_tomb

Skill      XL: |  1  2  3  4  5  6  7  8  9 10 11 12 13 14 15 |
---------------+----------------------------------------------+-----
Spellcasting   | 5 6 7 8 9 10 | 10.7
Invocations    | 1 2 3 4 5 6 7 8 9 10 | 10.4
Short Blades   | 1 2 3 4 5 6 7 8 9 |  9.6
Long Blades    | 1 2 3 4 5 6 7 8 9 |  9.6
Axes           | 1 2 3 4 5 6 7 8 9 |  9.6
Maces & Flails | 1 2 3 4 5 6 7 8 9 |  9.6
Polearms       | 1 2 3 4 5 6 7 8 9 |  9.6
Staves         | 1 2 3 4 5 6 7 8 9 |  9.6
Slings         | 1 2 3 4 5 6 7 8 9 |  9.6
Bows           | 1 2 3 4 5 6 7 8 9 |  9.6
Crossbows      | 1 2 3 4 5 6 7 8 9 |  9.6
Dodging        | 1 2 3 4 5 6 7 8 9 |  9.6
Stealth        | 1 2 3 4 5 6 7 8 9 |  9.6
Unarmed Combat | 1 2 3 4 5 6 7 8 9 |  9.6
Evocations     | 1 2 3 4 5 6 7 8 9 |  9.6
Conjurations   | 1 2 3 4 5 6 7 8 |  8.0
Hexes          | 1 2 3 4 5 6 7 8 |  8.0
Charms         | 1 2 3 4 5 6 7 8 |  8.0
Summonings     | 1 2 3 4 5 6 7 8 |  8.0
Necromancy     | 1 2 3 4 5 6 7 8 |  8.0
Transmutations | 1 2 3 4 5 6 7 8 |  8.0
Fire Magic     | 1 2 3 4 5 6 7 8 |  8.0
Ice Magic      | 1 2 3 4 5 6 7 8 |  8.0
Air Magic      | 1 2 3 4 5 6 7 8 |  8.0
Earth Magic    | 1 2 3 4 5 6 7 8 |  8.0
Poison Magic   | 1 2 3 4 5 6 7 8 |  8.0
Throwing       | 3 4 5 6 7 8 9 10 | 10.0
Armour         | 3 4 5 6 7 8 9 10 | 10.0
Shields        | 3 4 5 6 7 8 9 10 | 10.0
Fighting       | 5 6 7 8 9 10 | 10.6
Translocations | 6 7 8 9 |  9.7

Action                   |  1- 3 |  4- 6 |  7- 9 | 10-12 | 13-15 || total
-------------------------+-------+-------+-------+-------+-------++-------
Melee: Club              |    28 |       |       |       |       ||    28
       Bite              |     9 |    11 |    75 |   120 |   197 ||   412
       Mace              |    84 |   181 |   117 |       |       ||   382
       Punch             |       |     1 |     8 |    28 |       ||    37
       Dagger            |       |       |    88 |       |       ||    88
       Long sword        |       |       |   257 |   199 |       ||   456
       Trident           |       |       |       |   378 |   789 ||  1167
Throw: Tomahawk          |       |       |       |    16 |    17 ||    33
       Javelin           |       |       |       |     1 |     6 ||     7
 Cast: Mephitic Cloud    |       |       |       |       |    17 ||    17
       Yara's Violent Un |       |       |       |       |     2 ||     2
       Blink             |       |       |       |       |     1 ||     1
Invok: Slouch            |       |       |       |     4 |     5 ||     9
Evoke: Wand              |       |       |       |       |     1 ||     1
  Use: Scroll            |       |     9 |     5 |    14 |    10 ||    38
       Potion            |       |     3 |     2 |     3 |     4 ||    12
 Stab: Sleeping          |       |       |     4 |    23 |    15 ||    42
       Distracted        |       |       |     2 |     3 |     3 ||     8
       Confused          |       |       |       |       |    24 ||    24
  Eat: Ration            |     1 |     2 |     3 |     3 |     3 ||    12
       Chunk             |       |     1 |     2 |     7 |     3 ||    13
Armor: Ring mail         |    74 |   106 |    26 |    67 |   116 ||   389
       Leather armour    |       |       |    59 |    68 |       ||   127
Dodge: Dodged            |   124 |   175 |   417 |   518 |   606 ||  1840
Block: Buckler           |       |       |       |    28 |   341 ||   369
       Rpst.: Long sword |       |       |    78 |    45 |       ||   123

Table legend:
 A = Spawn XP
 B = Non-spawn XP
 C = Spawn XP percentage of total XP
 D = Spawn monster count
 E = Non-spawn monster count
 F = Spawn count percentage of total count
 G = Total turns spent on level
                    A         B        C        D         E        F      G
               +---------+---------+-------+---------+---------+-------+---------
         Total |       0 |   90140 |   0.0 |       0 |     599 |   0.0 | 19773
               +---------+---------+-------+---------+---------+-------+---------
           D:1 |       0 |      63 |   0.0 |       0 |      34 |   0.0 |  1495
           D:2 |       0 |     108 |   0.0 |       0 |      26 |   0.0 |   738
           D:3 |       0 |     178 |   0.0 |       0 |      29 |   0.0 |  1041
           D:4 |       0 |     601 |   0.0 |       0 |      17 |   0.0 |  1215
           D:5 |       0 |     611 |   0.0 |       0 |      12 |   0.0 |   823
           D:6 |       0 |    1752 |   0.0 |       0 |      91 |   0.0 |  1320
           D:7 |       0 |    1696 |   0.0 |       0 |      30 |   0.0 |   538
           D:8 |       0 |    3440 |   0.0 |       0 |      41 |   0.0 |  1130
           D:9 |       0 |     572 |   0.0 |       0 |       7 |   0.0 |   567
          D:10 |       0 |    4631 |   0.0 |       0 |      28 |   0.0 |  1146
          D:11 |       0 |    6335 |   0.0 |       0 |      45 |   0.0 |   972
        Lair:1 |       0 |    3839 |   0.0 |       0 |      20 |   0.0 |   916
        Lair:2 |       0 |    3308 |   0.0 |       0 |      12 |   0.0 |  1159
        Lair:3 |       0 |   12608 |   0.0 |       0 |      52 |   0.0 |  1686
        Lair:4 |       0 |   12050 |   0.0 |       0 |      35 |   0.0 |  1129
        Lair:5 |       0 |    6766 |   0.0 |       0 |      34 |   0.0 |   824
        Lair:6 |       0 |   26165 |   0.0 |       0 |      72 |   0.0 |  1662
           Lab |       0 |    1254 |   0.0 |       0 |       1 |   0.0 |   358
       Volcano |       0 |    4163 |   0.0 |       0 |      13 |   0.0 |   902
               +---------+---------+-------+---------+---------+-------+---------
